AoeStats
← [TM] Goblin Wizard Bolton

MegaRandom

506355361Analyzed
1v1 RM · 18d ago on Sep 13, 2026· 42m 33s· 2 players
Game mode
Random Map
Map size
Tiny (2 player)
Population
200
Speed
Normal
Resources
Standard
Victory
Conquest
Starting age
Dark Age
Ending age
Imperial Age
RankedLock teamsTeams togetherTeam positionsShared explorationLock speedFull tech treeHidden civsTurbo modeCheats
Victory
Defeat
🇳🇱 Romans · Netherlands
1399
+15
🇨🇳 Persians · China
1374
-15
AOE | Wu
6:43 Loom
9:09 Feudal Age
9:29 Double-Bit Axe
15:20 Castle Age
13:19 Horse Collar
14:02 Gold Mining
15:56 Bow Saw
17:18 Pikeman
20:09 Heavy Plow
25:21 Fervor
25:36 Stone Mining
27:40 Wheelbarrow
27:31 Bloodlines
28:37 Gold Shaft Mining
28:42 Hand Cart
33:41 Imperial Age
32:35 Scale Mail Armor
32:37 Padded Archer Armor
32:29 Fletching
33:12 Masonry
32:58 Murder Holes
34:02 Leather Archer Armor
35:04 Chemistry
34:28 Conscription
34:43 Town Watch
35:25 Guilds
36:10 Ring Archer Armor
35:37 Bodkin Arrow
35:51 Scale Barding Armor
36:19 Forging
35:32 Light Cavalry
36:12 Husbandry
35:34 Cavalier
37:16 Conscription
38:08 Kamandaran
[TM] Goblin Wizard Bolton
10:00 Feudal Age
11:28 Loom
15:31 Castle Age
13:24 Horse Collar
13:58 Double-Bit Axe
15:43 Bloodlines
15:45 Light Cavalry
16:36 Bloodlines
23:27 Wheelbarrow
24:52 Hand Cart
24:22 Town Watch
25:20 Pikeman
26:00 Squires
26:00 Gold Mining
29:10 Imperial Age
26:52 Scale Mail Armor
27:02 Forging
28:10 Chain Mail Armor
29:03 Iron Casting
29:28 Halberdier
32:21 Blast Furnace
32:26 Stone Mining
35:29 Cavalier
36:20 Bloodlines
36:11 Husbandry
37:00 Comitatenses
36:53 Scale Barding Armor
37:34 Heavy Scorpion
38:24 Siege Engineers
38:45 Ballistics
39:55 Ballistas
41:03 Chain Barding Armor
41:43 Conscription
42:27 Plate Barding Armor
Connection lost

Rejoining the realm…

Still unreachable

The connection could not be restored.

Session expired

The server has moved on; the page needs a fresh start.